Map: Emerald City CE

Players

WarpigxxxL

  • Race: Terran Terran
  • League: Silver
  • Spawn Location: 11:00

xBenx

  • Race: Zerg Zerg
  • League: Gold
  • Spawn Location: 11:00

MiSSmicro - Winner!

  • Race: Terran Terran
  • League: Silver
  • Spawn Location: 5:00

Jazz - Winner!

  • Race: Protoss Protoss
  • Spawn Location: 5:00

VOD

Have the link to the VOD?

Description

xBenx, WarpigxxxL, vs Jazz, MiSSmicro

Time

  • Played on: March 30, 2024, 8:19 p.m.
  • Length: 37:11
Show
View Real Time Build Order
Export as new Build Order

WarpigxxxL Terran 

Build Orders:  

Get SALT Encoding   

  12  0:03  SCV  
  13  0:24  SCV  
  13  0:25  Supply Depot  
  14  0:36  SCV  
  15  0:45  Supply Depot  
  15  0:48  SCV  
  16  0:56  Barracks  
  16  1:00  SCV  
  17  1:12  SCV  
  18  1:24  SCV  
  19  1:28  Barracks  
  19  1:36  SCV  
  20  1:48  Command Center  
  20  1:56  Orbital Command  
  20  1:59  Marine  
  21  2:17  Barracks  
  21  2:18  Marine x2  
  23  2:32  SCV, Refinery  
  23  2:36  Marine  
  25  2:40  Refinery  
  25  2:44  SCV  
  25  2:48  Marine  
  27  2:56  SCV  
  28  3:01  Refinery  
  28  3:02  Orbital Command, Refinery  
  28  3:06  Marine  
  28  3:08  SCV  
  28  3:10  Marine  
  31  3:21  SCV  
  32  3:33  SCV  
  33  3:40  Factory  
  34  3:41  SCV  
  34  3:45  SCV  
  35  3:50  Marine x3  
  35  3:53  SCV  
  39  3:57  SCV  
  40  4:04  Engineering Bay  
  40  4:05  SCV  
  40  4:08  Marine  
  40  4:09  SCV  
  43  4:17  SCV  
  43  4:21  SCV  
  45  4:26  Factory Tech Lab  
  45  4:29  SCV, Starport  
  46  4:47  Barracks Tech Lab  
  46  5:01  Missile Turret  
  46  5:08  Terran Infantry Weapons Level 1  
  46  5:21  Viking, SCV x2, Marine x3  
  46  5:24  Supply Depot  
  53  5:33  SCV x2  
  55  5:39  Marine x3  
  58  5:45  SCV x2  
  58  5:47  Supply Depot  
  60  5:51  Viking  
  60  5:52  Siege Tank  
  60  5:56  Marine x2  
  60  5:57  SCV x2, Marine  
  70  6:10  SCV x2  
  72  6:13  Starport  
  72  6:14  Marine x3  
  75  6:21  Viking  
  75  6:22  SCV  
  75  6:24  Starport  
  78  6:28  Starport  
  78  6:50  Marine x3  
  78  6:51  Siege Tank, Medivac  
  78  6:52  Command Center  
  86  6:58  Liberator  
  89  7:07  SCV x2  
  91  7:18  Viking  
  91  7:19  SCV  
  91  7:21  Command Center  
  94  7:51  Supply Depot  
  94  8:03  Viking x2, Siege Tank, SCV x2, Medivac  
  103  8:14  Supply Depot  
  103  8:16  SCV x2  
  102  8:28  SCV x2  
  102  8:33  Viking x2  
  108  8:36  Siege Tank, Supply Depot  
  108  8:40  SCV  
  84  8:59  Supply Depot  
  84  9:02  Starport Reactor  
  84  9:09  Viking  
  86  9:12  Starport Reactor x2  
  86  9:22  Supply Depot  
  86  9:25  Planetary Fortress  
  86  9:28  Marine  
  86  9:29  Marine x2  
  89  9:39  Viking  
  91  9:46  Marine  
  91  9:47  Marine x2  
  94  10:01  Widow Mine  
  94  10:04  Marine x3  
  99  10:09  Viking  
  101  10:22  Liberator x5, Widow Mine, Marine x3  
  121  10:39  Viking, Marine  
  121  10:40  Marine x2  
  126  10:44  Widow Mine  
  116  11:05  Widow Mine  
  116  11:09  Viking  
  113  11:26  Widow Mine  
  71  12:04  Widow Mine  
  71  12:07  Marine x3  
  74  12:17  Barracks  
  74  12:25  Marine x3  
  74  12:26  Widow Mine  
  74  12:27  Barracks  
  74  12:28  Barracks  
  79  12:32  Barracks  
  79  12:35  Barracks x2  
  79  12:36  Barracks  
  79  12:38  Barracks x2  
  79  12:42  Marine  
  79  12:43  Marine x2  
  82  12:47  Widow Mine  
  79  13:00  Marine  
  79  13:01  Marine x2  
  79  13:04  Marine  
  83  13:08  Widow Mine  
  85  13:14  Planetary Fortress  
  85  13:18  Marine  
  85  13:19  Marine x2  
  86  13:21  Marine  
  86  13:23  Marine x6  
  86  13:24  Marine x2  
  95  13:29  Medivac x7  
  95  13:30  Widow Mine  
  111  13:36  Marine x3  
  111  13:39  Marine  
  111  13:40  Marine  
  116  13:41  Marine x5  
  116  13:42  Marine x2  
  123  13:51  Widow Mine  
  123  13:54  Marine x2  
  128  13:57  Marine  
  128  13:58  Medivac, Marine  
  128  13:59  Marine x5, Medivac x3  
  128  14:00  Marine x2  
  144  14:12  Marine x2  
  144  14:15  Marine  
  144  14:16  Marine  
  144  14:17  Barracks Tech Lab, Marine x6  
  148  14:18  Marine  
  155  14:30  Marine x2  
  157  14:33  Marine  
  157  14:34  Marine x5  
  157  14:35  Marine  
  164  14:43  Marine x3  
  157  14:48  Marine x2  
  157  14:50  Marine  
  157  14:52  Marine x6  
  151  15:01  Terran Infantry Armor Level 1, Marine x3  
  151  15:05  Marine x2  
  156  15:08  Marine  
  156  15:09  Marine  
  156  15:10  Marine x5  
  163  15:18  Marine  
  163  15:19  Marine x2  
  156  15:23  Marine x2  
  156  15:26  Marine  
  156  15:27  Marine  
  156  15:28  Marine x5  
  141  15:36  Marine  
  141  15:37  Marine x2  
  141  15:41  Marine x2  
  141  15:42  Viking x4  
  126  15:44  Marine  
  126  15:45  Marine  
  126  15:46  Marine x5  
  127  15:54  Marine x2  
  127  15:55  Marine  
  130  15:59  Marine x2  
  130  16:02  Marine  
  130  16:03  Marine x3  
  130  16:04  Marine x3  
  129  16:12  Marine x3  
  129  16:17  Marine x2  
  124  16:19  Marine  
  124  16:21  Marine x6  
  124  16:22  Widow Mine  
  133  16:30  Marine x3  
  136  16:34  Marine x2  
  136  16:37  Marine  
  136  16:39  Marine x6  
  145  16:44  Widow Mine  
  147  16:48  Marine x3  
  147  16:52  Marine x2  
  152  16:55  Marine  
  152  16:56  Marine  
  152  16:57  Marine x2  
  152  17:01  Viking  
  152  17:02  Viking x3  
  152  17:03  Viking x2  
  164  17:29  Supply Depot  
  164  17:50  Viking, Marine x4  
  164  17:51  Widow Mine  
  172  18:02  Marine x2  
  172  18:03  Marine x2  
  172  18:04  Viking, Marine x2  
  172  18:05  Viking  
  172  18:12  Widow Mine  
  118  18:33  Widow Mine  
  96  18:38  Viking x7  
  91  19:06  Widow Mine  
  91  19:08  Viking x7  
  107  19:14  Command Center  
  107  19:27  Widow Mine  
  109  19:38  Viking x6  
  115  19:48  Widow Mine  
  109  20:10  Widow Mine  
  107  20:27  Refinery  
  107  20:30  Refinery  
  107  20:31  Widow Mine  
  107  20:34  Refinery  
  109  20:36  Refinery  
  109  20:39  Refinery  
  109  20:45  Missile Turret  
  109  20:54  Command Center  
  109  20:55  Refinery  
  109  20:57  Refinery  
  109  21:02  Refinery  
  109  21:05  Missile Turret  
  109  21:16  Viking  
  109  21:17  Viking  
  113  21:23  Missile Turret  
  113  21:30  Missile Turret  
  113  21:42  Missile Turret  
  113  21:44  Viking x3  
  119  21:48  Marine x4  
  119  21:49  Marine x8  
  120  22:06  Marine x10  
  120  22:07  Missile Turret, Marine x2  
  116  22:11  Viking x4  
  116  22:14  Viking  
  126  22:23  Missile Turret, Marine  
  126  22:24  Marine x11  
  126  22:27  Missile Turret  
  134  22:41  Marine  
  134  22:42  Marine x6  
  103  22:44  Missile Turret  
  103  22:46  Missile Turret  
  103  22:50  Viking x7  
  117  22:53  Marine  
  117  22:54  Marine x4  
  122  22:59  Marine  
  122  23:00  Marine x6  
  122  23:03  Missile Turret  
  122  23:05  Missile Turret  
  129  23:08  Widow Mine  
  129  23:11  Marine x3  
  129  23:12  Marine x2  
  136  23:17  Marine x3  
  139  23:20  Viking  
  139  23:23  Missile Turret  
  139  23:24  Missile Turret  
  133  23:29  Widow Mine  
  130  23:42  Missile Turret  
  130  23:43  Missile Turret  
  120  23:51  Widow Mine  
  118  24:00  Missile Turret  
  118  24:06  Marine  
  118  24:07  Marine x11  
  130  24:12  Widow Mine  
  130  24:17  Liberator  
  130  24:18  Liberator  
  130  24:20  Missile Turret, Medivac  
  138  24:24  Marine x7  
  138  24:25  Marine x5  
  150  24:32  Starport Tech Lab  
  150  24:33  Widow Mine  
  152  24:39  Missile Turret  
  152  24:42  Marine x12  
  153  24:55  Widow Mine  
  153  24:59  Missile Turret, Marine  
  134  25:00  Marine x3  
  135  25:20  Banshee, Missile Turret  
  138  25:24  Medivac x2  
  136  26:00  Marine  
  136  26:01  Marine x11  
  136  26:03  Banshee  
  151  26:17  Viking  
  151  26:18  Marine  
  151  26:19  Marine x11  
  142  26:36  Marine  
  142  26:37  Marine x11  
  154  26:46  Banshee  
  155  26:54  Marine x6  
  155  26:59  Marine  
  155  27:00  Marine x5  
  164  27:03  Widow Mine  
  145  27:12  Marine x6  
  144  27:17  Marine  
  144  27:18  Marine x5  
  127  27:29  Raven, Marine  
  99  27:58  Marauder  
  99  27:59  Marauder  
  99  28:02  Combat Shield  
  99  28:03  Banshee  
  106  28:20  Marauder x2  
  108  28:37  Command Center  
  108  28:45  Banshee  
  108  28:46  Marine  
  108  28:47  Marine x11  
  123  28:52  Widow Mine  
  125  29:04  Marine x6  
  125  29:05  Marine x6  
  137  29:21  Stimpack  
  92  30:19  Marine  
  92  30:20  Marine x11  
  104  30:37  Marine x2  
  104  30:38  Marine x10  
  112  30:55  Marine x8  
  112  30:56  Marine x4  
  118  31:00  Concussive Shells  
  106  31:13  Marine x6  
  110  31:30  Marine  
  110  31:31  Marine x2  
  99  31:47  Planetary Fortress  
  88  32:13  Marine  
  88  32:14  Marine x2  
  69  32:59  Command Center  
  66  33:24  Marine x2  
  66  33:26  Marine  
  40  33:42  Marine x2  
  40  33:43  Marine  
  39  33:59  Marine x2  
  39  34:01  Marine  
  29  34:17  Marine x2  
  29  34:19  Marine  
  21  34:35  Marine  
  1  35:23  SCV  
  2  35:35  SCV  
  3  35:47  SCV, Supply Depot  
  4  35:59  SCV  
  5  36:15  Barracks  
Show
View Real Time Build Order
Export as new Build Order

xBenx Zerg 

Build Orders: Hatch First 

Get SALT Encoding   

  12  0:02  Drone  
  13  0:16  Overlord  
  13  0:24  Drone  
  14  0:40  Drone  
  15  0:47  Hatchery  
  14  0:52  Drone  
  15  1:17  Drone x3  
  15  1:18  Extractor  
  17  1:21  Extractor  
  16  1:28  Drone  
  16  1:29  Spawning Pool  
  16  1:39  Drone  
  17  1:49  Drone  
  18  2:01  Overlord  
  18  2:06  Drone  
  19  2:17  Drone x2  
  19  2:18  Queen x2  
  25  2:25  Drone  
  27  2:30  Zergling x2  
  27  2:34  Overlord  
  27  2:36  Drone  
  28  2:50  Drone, Spine Crawler  
  28  2:57  Spore Crawler  
  27  2:59  Lair  
  27  3:03  Drone  
  28  3:08  Metabolic Boost  
  28  3:10  Zergling x2  
  29  3:51  Roach Warren  
  28  3:56  Drone x6  
  28  4:00  Extractor  
  32  4:10  Zergling x6, Nydus Network  
  34  4:19  Drone x2  
  36  4:25  Zergling x6, Drone  
  36  4:27  Hatchery  
  39  4:35  Zergling x6  
  39  4:36  Zergling x2  
  43  4:50  Spore Crawler  
  43  4:51  Extractor  
  41  4:54  Spore Crawler  
  41  4:56  Spore Crawler x2  
  41  4:59  Spore Crawler  
  37  5:00  Drone  
  37  5:04  Zergling x2  
  37  5:05  Zergling x2  
  40  5:17  Nydus Canal  
  40  5:21  Burrow  
  40  5:28  Hydralisk Den  
  40  5:30  Drone x2  
  41  5:36  Nydus Canal  
  41  5:48  Drone, Queen  
  44  6:03  Drone x2  
  46  6:06  Spore Crawler  
  46  6:09  Drone x2  
  47  6:16  Overlord  
  47  6:23  Nydus Canal  
  47  6:31  Overlord  
  47  6:32  Grooved Spines  
  47  6:38  Drone x2  
  45  7:12  Zergling x4, Hydralisk x2, Roach  
  45  7:13  Zergling x4, Roach x2  
  45  7:15  Glial Reconstitution  
  57  7:25  Spire  
  57  7:28  Drone, Spore Crawler  
  57  7:29  Drone  
  57  7:36  Nydus Canal  
  57  7:42  Muscular Augments  
  57  7:53  Overlord x4  
  57  7:55  Overseer  
  57  7:59  Nydus Canal  
  57  8:20  Nydus Canal  
  50  8:35  Nydus Canal  
  50  8:40  Hydralisk x6  
  61  8:43  Zerg Flyer Weapons Level 1  
  61  8:50  Overlord  
  61  8:53  Nydus Canal  
  61  9:02  Drone x3  
  62  9:09  Spore Crawler  
  61  9:12  Drone x2  
  61  9:14  Roach  
  63  9:36  Hatchery  
  62  9:43  Nydus Canal  
  62  9:48  Zergling x6, Hydralisk x4, Roach x2  
  62  9:49  Roach x2  
  81  9:59  Nydus Canal  
  81  10:13  Drone x3  
  81  10:14  Extractor  
  81  10:16  Corruptor x2  
  84  10:23  Drone x2  
  84  10:24  Drone x3  
  89  10:29  Overlord  
  89  10:30  Extractor, Overlord  
  88  10:38  Nydus Canal  
  88  11:02  Hatchery  
  83  11:11  Nydus Canal  
  60  11:29  Corruptor x4  
  60  11:38  Drone x4  
  60  11:39  Drone x7, Spore Crawler  
  70  11:45  Drone x3  
  73  11:47  Queen  
  73  11:50  Nydus Canal  
  75  12:00  Nydus Network  
  74  12:02  Extractor  
  73  12:08  Overseer  
  73  12:12  Drone x2  
  73  12:15  Extractor  
  74  12:16  Corruptor  
  74  12:17  Roach  
  74  12:21  Zergling x2  
  74  12:22  Zergling x36  
  95  12:23  Zergling x10  
  100  12:32  Drone  
  100  12:35  Nydus Canal  
  96  12:48  Roach  
  90  12:54  Nydus Canal  
  76  13:11  Nydus Canal  
  67  13:21  Pneumatized Carapace  
  59  13:29  Hatchery  
  59  13:33  Drone x3, Queen  
  63  13:38  Queen  
  65  13:45  Zerg Flyer Armor Level 1  
  65  13:47  Extractor, Hatchery  
  63  13:52  Spire  
  62  13:58  Infestation Pit  
  61  14:03  Corruptor x2  
  61  14:07  Zergling x2  
  61  14:08  Zergling x6  
  69  14:14  Nydus Canal  
  69  14:30  Drone x3  
  69  14:31  Drone x2  
  74  14:33  Overlord x2  
  74  14:50  Nydus Canal  
  74  14:53  Zergling x6, Mutalisk x3  
  74  14:54  Zergling x4  
  74  14:57  Drone  
  82  15:09  Nydus Canal  
  82  15:19  Zergling x2, Hydralisk x2  
  82  15:20  Zergling x6, Roach x2  
  82  15:21  Zergling x2  
  87  15:59  Corruptor x2  
  62  16:21  Spore Crawler  
  62  16:24  Spore Crawler  
  62  16:25  Drone x3, Queen  
  63  16:26  Spore Crawler  
  63  16:28  Drone x3  
  67  16:32  Corruptor  
  67  16:33  Corruptor  
  67  16:39  Drone  
  72  16:41  Zergling x2, Hydralisk  
  72  16:42  Zergling x12, Roach x2  
  85  16:49  Drone x3  
  85  16:50  Queen  
  90  16:55  Drone  
  91  17:05  Nydus Canal  
  91  17:09  Corruptor  
  91  17:14  Zergling x2  
  91  17:15  Zergling x8  
  98  17:29  Drone x3  
  101  17:37  Spore Crawler  
  101  17:38  Extractor  
  101  17:39  Drone x2  
  101  17:41  Overlord x4  
  101  17:42  Overlord  
  101  17:47  Hive  
  101  17:48  Zerg Flyer Weapons Level 2  
  101  17:57  Zerg Flyer Armor Level 2  
  101  18:00  Hydralisk  
  101  18:01  Zergling x6, Hydralisk x2, Roach x2  
  111  18:22  Nydus Canal  
  111  18:24  Zergling x6, Hydralisk x2, Roach x2  
  111  18:25  Zergling x10, Roach x3  
  130  18:44  Corruptor x2  
  130  18:46  Zergling x2  
  133  18:52  Nydus Canal  
  133  19:09  Nydus Canal  
  133  19:11  Corruptor, Hatchery  
  133  19:16  Overseer x2  
  134  19:25  Zergling x2  
  134  19:26  Zergling x14  
  134  19:30  Overlord  
  134  19:31  Overlord x3  
  142  19:32  Overseer  
  141  20:05  Nydus Canal  
  130  20:14  Greater Spire  
  130  20:17  Zerg Flyer Armor Level 3  
  123  20:42  Mutalisk x2, Corruptor x2  
  131  20:44  Zergling x14  
  131  20:45  Zergling x30  
  131  20:46  Zergling x4  
  155  20:50  Drone  
  155  20:51  Drone x2  
  155  20:52  Drone x8  
  155  20:55  Spore Crawler  
  155  20:56  Spore Crawler  
  164  20:59  Drone  
  164  21:01  Spore Crawler  
  164  21:11  Nydus Canal  
  164  21:13  Drone  
  164  21:16  Extractor  
  164  21:18  Extractor  
  163  21:25  Drone x3  
  166  21:26  Extractor  
  166  21:27  Overseer x2  
  166  21:28  Overseer  
  165  21:41  Nydus Canal  
  165  21:48  Nydus Network  
  164  21:54  Extractor  
  164  21:55  Spore Crawler  
  164  21:57  Corruptor x2  
  141  22:29  Infestor x2  
  125  22:47  Overlord x4  
  123  22:53  Drone x2  
  123  22:56  Nydus Canal  
  123  23:11  Neural Parasite  
  123  23:22  Ultralisk Cavern  
  120  23:36  Extractor  
  117  23:46  Nydus Canal  
  72  24:13  Ultralisk x2  
  84  24:28  Spore Crawler  
  83  24:31  Zergling x2  
  83  24:32  Zergling x12, Ultralisk x2  
  83  24:33  Zergling x48  
  83  24:34  Zergling x4  
  83  24:37  Zergling x24  
  83  24:38  Zergling x16  
  148  24:39  Overlord x2  
  148  24:40  Overlord x3  
  148  24:41  Chitinous Plating  
  148  24:43  Overseer  
  148  24:47  Nydus Canal  
  148  24:58  Nydus Canal  
  148  25:03  Nydus Canal  
  148  25:13  Nydus Canal  
  147  25:26  Nydus Canal  
  142  25:28  Nydus Canal  
  97  25:43  Nydus Canal  
  97  25:45  Zergling x20  
  97  25:46  Zergling x54  
  97  25:47  Zergling x2  
  97  25:49  Overseer x2  
  123  25:51  Zerg Flyer Weapons Level 3  
  114  26:07  Adrenal Glands  
  114  26:10  Anabolic Synthesis  
  113  26:12  Ultralisk  
  113  26:14  Drone x6  
  125  26:19  Drone x3  
  116  26:29  Nydus Canal  
  94  26:49  Nydus Canal  
  94  26:50  Hydralisk x2  
  94  26:51  Zergling x10, Hydralisk x2, Roach x3  
  94  26:52  Zergling x8, Ultralisk  
  93  27:02  Spine Crawler  
  84  27:16  Nydus Canal  
  84  27:17  Zergling x4  
  66  28:07  Nydus Canal  
  66  28:08  Nydus Canal  
  60  28:17  Zergling x2  
  60  28:18  Zergling x4, Ultralisk x2  
  75  28:20  Drone  
  59  28:38  Hatchery  
  58  28:56  Nydus Canal  
  58  29:02  Nydus Canal  
  57  29:07  Zergling x4  
  57  29:29  Nydus Canal  
  51  29:47  Overseer  
  51  29:51  Drone  
  51  29:52  Queen  
  52  29:56  Nydus Canal  
  52  29:57  Nydus Canal  
  54  30:12  Nydus Canal  
  54  30:17  Zergling x4, Hydralisk x3, Roach  
  54  30:18  Roach  
  66  30:22  Drone  
  66  30:33  Drone  
  54  30:41  Nydus Canal  
  42  30:51  Roach  
  42  31:08  Nydus Canal  
  42  31:18  Nydus Canal  
  42  31:21  Zergling x2  
  42  31:22  Zergling x2, Roach  
  46  31:42  Drone  
  46  31:43  Drone x2  
  49  32:00  Nydus Canal  
  48  32:02  Nydus Canal  
  46  32:18  Extractor x2  
  44  32:23  Drone x2  
  44  33:05  Spore Crawler  
  39  33:13  Hatchery  
  39  33:16  Drone  
  33  34:34  Drone  
  33  34:35  Ultralisk  
  33  34:50  Hydralisk  
  33  34:51  Overseer  
  27  35:29  Extractor  
  24  35:41  Hatchery  
  22  35:58  Drone  
  15  36:27  Hatchery  
  14  36:36  Drone x3  
Show
View Real Time Build Order
Export as new Build Order

MiSSmicro Terran - Winner!

Build Orders:  

Get SALT Encoding   

  12  0:01  SCV  
  13  0:18  Supply Depot  
  13  0:20  SCV  
  14  0:33  SCV  
  15  0:47  Barracks  
  15  0:52  Refinery  
  15  1:00  SCV  
  16  1:19  SCV  
  17  1:36  Marine  
  17  1:39  Orbital Command  
  18  1:55  Barracks Reactor  
  18  2:20  Command Center  
  18  2:27  Factory  
  18  2:30  Refinery  
  18  2:32  Marine  
  18  2:33  Marine  
  20  2:51  Marine x2  
  22  3:17  Factory Tech Lab  
  22  3:28  Marine  
  22  3:30  Bunker  
  22  3:32  Marine  
  24  3:35  Supply Depot  
  24  3:45  Marine  
  25  3:50  Marine  
  25  3:51  Siege Tank  
  29  4:08  Orbital Command  
  29  4:29  Engineering Bay  
  29  4:34  Siege Tank  
  32  4:52  Marine x2  
  34  5:00  Barracks  
  34  5:03  Barracks  
  34  5:04  Starport  
  34  5:07  Terran Infantry Weapons Level 1  
  34  5:09  Marine  
  35  5:17  SCV  
  36  5:24  Barracks  
  36  5:25  Barracks  
  36  5:30  SCV  
  37  6:13  Barracks Tech Lab  
  37  6:14  Barracks Reactor  
  37  6:17  Barracks Tech Lab  
  37  6:18  Barracks Reactor  
  37  6:23  Marine  
  37  6:24  Marine  
  39  6:27  Starport Reactor  
  41  6:32  Hellion  
  41  6:41  Marine x2, Supply Depot  
  45  6:54  Hellion  
  45  6:59  Marine  
  46  7:01  Terran Infantry Armor Level 1  
  46  7:03  Supply Depot  
  46  7:16  Combat Shield  
  46  7:21  Stimpack  
  46  7:22  Marine x2  
  46  7:27  Marine  
  46  7:28  Marine x3  
  46  7:29  Marauder x2  
  56  7:40  Marine x2  
  56  7:43  SCV x2  
  60  7:45  Marine  
  61  7:55  SCV  
  62  8:22  SCV, Marine  
  62  8:25  Supply Depot  
  62  8:29  Supply Depot  
  62  8:31  Supply Depot  
  62  8:46  Marine x4  
  66  8:56  Marine x4  
  70  9:04  Marine x4  
  74  9:14  Marine x2  
  74  9:15  Marauder x2  
  80  9:21  Marine x3  
  83  9:36  Marauder  
  85  9:46  Marine  
  86  10:00  Medivac x2, Marine x2  
  86  10:01  Marauder  
  92  10:19  Marine x5  
  92  10:20  Marine  
  92  10:21  Marauder  
  100  10:22  Marauder  
  102  10:45  Supply Depot  
  102  10:49  Marine  
  102  10:50  Medivac x2  
  102  10:51  Supply Depot  
  105  11:08  Supply Depot  
  104  11:21  Missile Turret  
  104  11:25  Missile Turret  
  96  11:47  Missile Turret  
  92  12:07  Marine x2  
  94  12:09  Marauder  
  96  12:25  Marine x2  
  98  12:30  Marauder  
  96  12:52  Marine x4  
  96  12:53  Marine x4  
  90  13:10  Marine x2  
  90  13:11  Marauder x2  
  93  13:15  Orbital Command  
  86  13:33  Marauder  
  88  13:47  SCV  
  89  13:51  SCV  
  90  13:59  SCV  
  90  14:00  Missile Turret  
  90  14:02  Missile Turret  
  91  14:03  SCV  
  92  14:11  SCV  
  93  14:18  Marine x3  
  93  14:19  Marine x2  
  93  14:23  SCV  
  99  14:35  SCV  
  87  15:03  SCV x2  
  73  15:43  Marine x6  
  73  15:44  Marine  
  80  16:00  Marine  
  80  16:01  Marine x3  
  80  16:02  Siege Tank  
  80  16:03  Sensor Tower, Marine x3  
  77  16:18  Marine x2  
  77  16:19  Marine x2  
  81  16:26  Marine  
  81  16:27  Marine x2  
  84  16:34  Siege Tank  
  84  16:36  Marine x3  
  84  16:37  Marine  
  91  16:44  Marine  
  91  16:45  Marauder x2  
  96  16:54  Marine  
  97  17:06  Marauder x2  
  101  17:21  Marine  
  102  17:22  Missile Turret  
  102  17:45  Missile Turret  
  102  17:48  Supply Depot  
  102  17:50  Supply Depot  
  102  18:05  Marine  
  102  18:06  Marine  
  102  18:07  Marine  
  102  18:08  Medivac, Marine x2  
  102  18:09  Marauder, Medivac  
  102  18:10  Marauder  
  47  19:17  Viking x2  
  47  19:20  Missile Turret  
  47  19:21  Missile Turret  
  47  19:23  Missile Turret  
  51  19:38  Refinery x2  
  51  19:47  Viking x2  
  55  20:17  Viking x2  
  55  20:18  Bunker  
  59  20:23  Marine x2  
  59  20:24  Marine  
  62  20:44  Marine x3  
  62  20:45  Command Center  
  62  20:46  Marine  
  62  20:47  Viking, Marine  
  69  20:50  Bunker  
  69  21:37  Marine x6  
  69  21:38  Marine  
  66  22:19  Planetary Fortress  
  66  22:29  Marine x5  
  71  22:30  Marauder x2  
  75  22:47  Marine x5  
  80  23:12  Marine x2  
  80  23:13  Marine x5  
  87  23:30  Marine x4  
  87  23:31  Marine x3  
  94  23:43  Medivac x2  
  94  23:46  Cyclone  
  94  23:48  Marine x5  
  100  23:49  Marauder x2  
  109  24:06  Marine x2  
  111  24:18  Cyclone  
  113  24:36  Refinery  
  113  24:47  Concussive Shells  
  113  24:49  Barracks Reactor  
  113  24:51  Cyclone  
  109  25:04  Viking x2  
  109  25:05  Marine x3  
  109  25:06  Marauder x2  
  109  25:07  Marine  
  121  25:23  Marine x3  
  121  25:24  Marine  
  121  25:27  Marine  
  101  27:41  Orbital Command  
  101  27:45  Command Center  
  101  28:45  Starport  
  101  28:50  Supply Depot  
  101  29:44  Marine x3  
  101  29:45  Medivac, Marine x2  
  35  30:02  Marine x3  
  19  31:51  Orbital Command  
  11  32:46  SCV  
  12  32:58  SCV  
  13  33:10  SCV  
  14  33:23  SCV  
  15  33:28  Barracks  
  13  33:35  SCV  
  14  33:47  SCV  
  12  33:59  SCV  
  12  34:16  Barracks Reactor  
  12  34:18  Barracks  
  12  34:23  SCV  
  5  36:42  Orbital Command  
Show
View Real Time Build Order
Export as new Build Order

Jazz Protoss - Winner!

Build Orders: Phoenix Opening, Carriers 

Get SALT Encoding   

  12  0:01  Probe  
  13  0:20  Probe  
  14  0:22  Pylon  
  14  0:32  Probe  
  15  0:41  Gateway  
  15  0:44  Probe  
  16  0:54  Assimilator  
  16  0:58  Pylon  
  16  0:59  Probe (Chrono Boost)  
  17  1:10  Probe (Chrono Boost)  
  18  1:16  Probe (Chrono Boost)  
  19  1:27  Probe  
  19  1:32  Cybernetics Core  
  20  1:37  Pylon  
  20  1:39  Probe (Chrono Boost)  
  21  1:41  Assimilator  
  21  1:49  Probe (Chrono Boost)  
  21  1:51  Zealot  
  21  1:54  Probe (Chrono Boost)  
  25  2:26  Stargate  
  25  2:50  Nexus  
  25  2:57  Pylon  
  25  3:14  Phoenix (Chrono Boost)  
  27  3:22  Stalker (Chrono Boost), Probe  
  30  3:31  Phoenix (Chrono Boost)  
  33  3:34  Probe  
  33  3:46  Probe  
  34  3:48  Stargate  
  34  4:06  Probe x2  
  40  4:14  Void Ray  
  40  4:18  Probe x2  
  40  4:24  Assimilator  
  42  4:25  Pylon  
  42  4:30  Probe x2  
  44  4:42  Probe  
  44  4:43  Probe  
  44  5:08  Stargate, Probe x2  
  44  5:11  Protoss Air Weapons Level 1 (Chrono Boost)  
  46  5:18  Forge  
  46  5:21  Pylon  
  46  5:24  Pylon  
  54  5:54  Void Ray x2  
  58  6:28  Void Ray  
  58  6:32  Probe x2  
  60  6:35  Photon Cannon  
  60  6:37  Assimilator  
  60  6:39  Photon Cannon  
  60  6:41  Pylon  
  60  6:44  Probe x2  
  60  6:45  Shield Battery  
  62  6:56  Shield Battery, Probe  
  62  6:57  Probe  
  62  7:00  Photon Cannon  
  64  7:12  Void Ray (Chrono Boost)  
  64  7:13  Void Ray x2 (Chrono Boost)  
  76  7:37  Photon Cannon  
  76  7:40  Probe x2  
  76  7:43  Photon Cannon  
  78  7:46  Photon Cannon  
  78  7:52  Probe  
  78  7:53  Pylon, Probe  
  78  7:56  Nexus  
  78  7:58  Pylon  
  80  8:01  Pylon  
  80  8:03  Assimilator  
  80  8:04  Probe  
  80  8:05  Probe  
  82  8:08  Assimilator  
  52  9:01  Void Ray x2  
  52  9:02  Void Ray  
  64  9:12  Nexus  
  64  9:15  Pylon  
  64  9:17  Photon Cannon x2  
  64  9:31  Probe x2  
  66  9:43  Probe  
  66  9:44  Void Ray (Chrono Boost), Probe  
  66  9:45  Void Ray x2 (Chrono Boost)  
  80  9:47  Fleet Beacon  
  80  9:49  Pylon  
  80  9:50  Pylon  
  80  9:56  Probe x2  
  82  10:08  Probe x2  
  88  10:24  Void Ray (Chrono Boost)  
  88  10:25  Void Ray x2 (Chrono Boost)  
  88  10:27  Protoss Air Armor Level 1  
  96  10:29  Stargate  
  96  10:31  Pylon  
  96  10:37  Pylon  
  96  10:39  Pylon  
  96  10:46  Photon Cannon  
  96  10:49  Photon Cannon  
  96  10:52  Photon Cannon  
  96  10:54  Shield Battery  
  100  11:26  Pylon  
  100  11:27  Void Ray  
  100  11:30  Pylon  
  98  11:34  Void Ray  
  98  11:36  Pylon  
  98  11:39  Pylon  
  93  11:45  Pylon  
  91  11:47  Pylon  
  91  11:49  Pylon  
  91  11:52  Probe x2, Pylon  
  91  11:53  Probe  
  94  11:57  Pylon  
  94  11:59  Pylon  
  94  12:04  Probe, Pylon  
  94  12:05  Pylon, Assimilator, Probe x2  
  94  12:07  Pylon  
  97  12:09  Pylon  
  97  12:15  Carrier (Chrono Boost)  
  97  12:16  Carrier x2 (Chrono Boost)  
  97  12:17  Probe x2  
  97  12:19  Pylon  
  117  12:27  Pylon x2  
  117  12:43  Nexus  
  117  14:08  Photon Cannon  
  117  14:12  Photon Cannon  
  117  14:16  Photon Cannon  
  117  14:20  Shield Battery  
  117  14:30  Probe x3 (Chrono Boost)  
  117  14:31  Probe (Chrono Boost)  
  121  14:43  Probe (Chrono Boost)  
  125  14:48  Probe x3 (Chrono Boost)  
  125  14:49  Pylon  
  125  14:51  Probe (Chrono Boost)  
  125  14:52  Pylon  
  119  14:55  Probe x3 (Chrono Boost)  
  119  14:57  Probe  
  119  15:09  Probe (Chrono Boost)  
  120  15:17  Carrier x2  
  120  15:18  Carrier x2  
  120  15:19  Probe (Chrono Boost)  
  145  15:24  Probe (Chrono Boost)  
  141  15:35  Probe  
  122  15:47  Probe  
  112  16:22  Carrier x4  
  112  16:25  Nexus  
  136  16:28  Pylon  
  136  16:31  Photon Cannon  
  136  16:46  Probe (Chrono Boost)  
  137  16:50  Assimilator  
  137  16:54  Assimilator  
  137  16:56  Probe (Chrono Boost)  
  137  17:01  Probe (Chrono Boost)  
  139  17:12  Probe  
  140  17:16  Photon Cannon  
  140  17:18  Photon Cannon, Probe x2  
  140  17:19  Shield Battery  
  142  17:23  Carrier x3 (Chrono Boost), Photon Cannon  
  142  17:24  Probe  
  142  17:27  Photon Cannon  
  167  17:38  Carrier (Chrono Boost)  
  167  17:57  Photon Cannon  
  167  17:59  Photon Cannon  
  167  18:02  Photon Cannon  
  167  18:04  Photon Cannon  
  167  18:06  Photon Cannon  
  139  18:50  Carrier, Phoenix  
  139  18:51  Carrier x2  
  159  19:10  Pylon  
  159  19:13  Pylon  
  159  19:15  Carrier  
  165  19:18  Photon Cannon  
  165  19:19  Pylon  
  165  19:24  Pylon  
  165  19:28  Pylon  
  165  19:34  Pylon  
  165  19:37  Pylon  
  163  19:42  Shield Battery  
  163  19:45  Shield Battery  
  163  19:50  Shield Battery  
  163  19:52  Shield Battery  
  163  19:55  Shield Battery  
  163  19:56  Carrier x3  
  163  20:52  Photon Cannon  
  163  20:56  Photon Cannon  
  163  20:57  Photon Cannon  
  163  21:00  Photon Cannon  
  163  21:01  Nexus  
  163  21:03  Shield Battery  
  163  21:07  Shield Battery  
  163  21:12  Pylon  
  163  21:15  Pylon  
  163  21:17  Pylon, Probe x2  
  163  21:18  Probe  
  166  21:19  Assimilator  
  166  21:20  Assimilator  
  166  21:54  Pylon  
  166  21:57  Pylon  
  166  22:00  Photon Cannon  
  166  22:02  Photon Cannon  
  166  22:05  Photon Cannon  
  140  22:35  Probe (Chrono Boost)  
  131  22:43  Carrier x3  
  131  22:44  Carrier  
  156  22:45  Probe (Chrono Boost)  
  156  22:50  Probe (Chrono Boost)  
  157  23:01  Probe  
  157  23:05  Assimilator  
  158  23:08  Assimilator  
  158  23:10  Pylon  
  158  23:12  Photon Cannon  
  158  23:13  Probe  
  158  23:14  Photon Cannon  
  159  23:47  Carrier  
  149  23:57  Probe (Chrono Boost)  
  150  24:07  Probe (Chrono Boost)  
  151  24:12  Probe (Chrono Boost)  
  152  24:23  Probe  
  153  24:35  Probe x2  
  153  24:36  Probe x3  
  158  24:48  Probe x5  
  163  25:00  Probe x5  
  163  25:06  Nexus  
  168  25:12  Pylon, Probe x4  
  172  25:14  Pylon  
  172  25:18  Pylon  
  172  25:20  Assimilator  
  172  25:37  Carrier x3  
  145  26:22  Probe x5  
  150  26:27  Pylon  
  149  26:34  Probe x4  
  149  26:35  Probe  
  154  26:41  Carrier x2  
  154  26:42  Carrier  
  173  26:49  Probe (Chrono Boost)  
  173  26:52  Probe (Chrono Boost)  
  175  27:02  Probe (Chrono Boost)  
  175  27:04  Nexus  
  175  27:06  Probe (Chrono Boost), Pylon  
  176  27:18  Probe (Chrono Boost)  
  177  27:26  Probe (Chrono Boost)  
  178  27:32  Probe  
  179  27:44  Probe  
  179  27:48  Assimilator  
  180  27:54  Assimilator  
  180  27:58  Pylon  
  180  28:01  Pylon  
  180  28:04  Photon Cannon  
  180  28:05  Photon Cannon  
  180  28:08  Photon Cannon  
  180  28:09  Shield Battery  
  180  28:20  Probe (Chrono Boost)  
  181  28:38  Forge  
  181  28:40  Forge  
  181  28:53  Photon Cannon  
  179  28:58  Pylon  
  179  29:01  Pylon  
  179  29:17  Probe x4  
  179  29:18  Probe x2  
  184  29:29  Probe x3  
  187  29:55  Probe (Chrono Boost)  
  188  30:04  Photon Cannon  
  188  30:05  Probe (Chrono Boost)  
  188  30:06  Photon Cannon  
  189  30:08  Photon Cannon  
  189  30:10  Photon Cannon, Probe (Chrono Boost)  
  189  30:11  Shield Battery  
  190  30:15  Pylon  
  190  30:21  Probe  
  191  30:33  Fleet Beacon, Probe  
  192  30:38  Pylon  
  192  30:39  Photon Cannon  
  192  30:44  Photon Cannon  
  192  30:45  Photon Cannon  
  192  30:47  Photon Cannon  
  192  30:50  Photon Cannon  
  192  30:55  Photon Cannon  
  192  30:59  Photon Cannon  
  192  31:03  Photon Cannon  
  189  31:17  Void Ray  
  177  33:01  Probe (Chrono Boost)  
  178  33:11  Probe (Chrono Boost)  
  179  33:15  Pylon  
  179  33:16  Probe (Chrono Boost)  
  178  33:36  Pylon  
  178  33:38  Pylon  
  178  33:39  Pylon  
  178  33:41  Pylon  
  178  33:43  Pylon  
  178  33:48  Pylon  
  178  33:50  Pylon  
  178  33:59  Probe  
  179  34:11  Probe  
  180  34:24  Gateway  
  180  34:25  Gateway  
  180  34:29  Gateway  
  180  34:30  Gateway  
  180  34:34  Pylon  
  179  35:33  Zealot x2 (Chrono Boost)  
  179  35:34  Zealot x2 (Chrono Boost)  
  187  35:52  Zealot x4 (Chrono Boost)  
  187  36:18  Zealot x2  
Tags
 
Add a new tag
Caveats
  • Supply blocks, unpowered buildings, or Contaminate may cause inaccurate times.
  • Supply counts are checked every 10 seconds.